 Dungeon Crawl Stone Soup version 0.30-b1-2-g02819fbbbe (webtiles) character file.

Game seed: 4242870771288498190

86139 raph the Devastator (level 15, -11/128 HPs)
             Began as a Red Draconian Conjurer on May 8, 2023.
             Was a High Priest of Vehumet.
             Killed from afar by Jorgrun (53 damage)
             ... with an iron shot
             ... on level 14 of the Dungeon.
             The game lasted 01:11:13 (37160 turns).

raph the Devastator (Red Draconian Conjurer)       Turns: 37160, Time: 01:11:13

Health: -11/128    AC: 16    Str: 10    XL:     15   Next: 40%
Magic:  8/37       EV: 15    Int: 25    God:    Vehumet [*****.]
Gold:   585        SH:  5    Dex: 13    Spells: 2/33 levels left

rFire   + . .        a - +4 demon blade (freeze)
rCold   . . .        g - +0 buckler
rNeg    . . .        (body armour unavailable)
rPois   .            (helmet restricted)
rElec   .            G - +1 cloak
rCorr   .            p - +2 pair of gloves {Dex+3}
SInv    .            f - +1 pair of boots
Will    +....        m - amulet of faith
Stlth   ++           A - ring of flight
HPRegen 0.41/turn    C - ring of magical power
MPRegen 0.25/turn

%: faith
@: flying
A: breathe fire, AC +9, unfitting armour, fire resistance 1, cold-blooded
a: Breathe Fire, Renounce Religion


You were on level 14 of the Dungeon.
You worshipped Vehumet.
Vehumet was extremely pleased with you.
You visited 4 branches of the dungeon, and saw 22 of its levels.

You collected 2074 gold pieces.
You spent 1489 gold pieces at shops.

Inventory:

Hand Weapons
 a - a +4 demon blade of freezing (weapon)
 N - a +2 scimitar of flaming
 U - a +5 scimitar of venom
Missiles
 s - 18 poisoned darts
 w - 4 atropa-tipped darts
 I - 4 datura-tipped darts
 J - a throwing net (quivered)
Armour
 f - a +1 pair of boots (worn)
 g - a +0 buckler (worn)
 p - a +2 pair of gloves of dexterity (worn)
 u - the +0 pair of gloves of the Dungeon {Int+4}
   (You bought it in a shop on level 8 of the Dungeon)

   Int:       It affects your intelligence (+4).
 G - a +1 cloak (worn)
Magical Staves
 b - a staff of conjuration
Jewellery
 m - an amulet of faith (around neck)
 z - a ring of protection from cold
 A - a ring of flight (left hand)
 C - a ring of magical power (right hand)
 D - a ring of protection from fire
 H - a +6 ring of dexterity
Wands
 e - a wand of iceblast (19)
 j - a wand of flame (34)
 o - a wand of paralysis (12)
 Q - a wand of digging (7)
Scrolls
 c - 3 scrolls of amnesia
 d - a scroll of silence
 i - 6 scrolls of teleportation
 y - 3 scrolls of immolation
 E - 5 scrolls of magic mapping
 F - a scroll of enchant armour
 K - 3 scrolls of fear
 L - 6 scrolls of identify
 P - 5 scrolls of blinking
 V - a scroll of fog
Potions
 h - 2 potions of invisibility
 k - 6 potions of curing
 l - 4 potions of haste
 n - 4 potions of attraction
 q - 4 potions of lignification
 r - 2 potions of heal wounds
 t - 5 potions of mutation
 v - 6 potions of resistance
 x - a potion of might
 B - 4 potions of flight
 O - 2 potions of berserk rage
 S - 3 potions of cancellation


   Skills:
 + Level 10.5 Fighting
 + Level 8.0 Long Blades
 + Level 9.1 Dodging
 - Level 1.7 Stealth
 + Level 5.2 Shields
 + Level 9.6 Spellcasting
 * Level 15.9 Conjurations
 + Level 7.8 Hexes
 + Level 7.4 Translocations
 + Level 8.7 Fire Magic


You had 2 spell levels left.
You knew the following spells:

 Your Spells              Type           Power      Damage    Failure   Level
a - Magic Dart            Conj           100%       1d8       0%          1
b - Searing Ray           Conj           100%       2d8       0%          2
c - Dazzling Flash        Conj/Hex       100%       N/A       1%          3
d - Fulminant Prism       Conj/Hex       32%        3d16      1%          4
e - Iskenderun's Mystic   Conj/Tloc      63%        2d13      1%          4
f - Foxfire               Conj/Fire      100%       2x1d9     1%          1
g - Manifold Assault      Tloc           49%        N/A       3%          4
h - Scorch                Fire           100%       2d9       1%          2
i - Flame Wave            Conj/Fire      65%        2d15      1%          4
j - Starburst             Conj/Fire      32%        6d10      1%          6

Your spell library contained the following spells:

 Spells                   Type           Power      Damage    Failure   Level
 Plasma Beam              Fire/Air       16%        2x1d30    41%         6
 Static Discharge         Conj/Air       100%       2-7/arc   1%          2
 Sublimation of Blood     Necr           12%        N/A       11%         2
 Wereblood                Tmut           12%        N/A       11%         2
 Gell's Gravitas          Tloc           49%        N/A       1%          3
 Teleport Other           Tloc           49%        N/A       1%          3
 Passage of Golubria      Tloc           49%        N/A       3%          4
 Airstrike                Air            6%         2d(1-17)  19%         4
 Silence                  Hex/Air        15%        N/A       36%         5
 Dispersal                Tloc           24%        N/A       47%         6
 Animate Dead             Necr           12%        N/A       58%         4
 Summon Lightning Spire   Summ/Air       12%        N/A       58%         4
 Lehudib's Crystal Spear  Conj/Erth      25%        10d7      98%         8
 Summon Cactus Giant      Summ           6%         N/A       100%        6
 Haunt                    Necr/Summ      6%         N/A       100%        7
 Summon Hydra             Summ           6%         N/A       100%        7
 Disjunction              Tloc           24%        N/A       100%        8
 Infestation              Necr           6%         N/A       100%        8


Dungeon Overview and Level Annotations

Branches:
Dungeon (14/15)            Temple (1/1) D:7            Lair (5/5) D:11
 Shoals (0/4) Lair:3        Snake (0/4) Lair:3        Slime (0/5) Lair:5
    Orc (2/2) D:9             Elf (0/3) Orc:2
 Vaults: D:13-14

Altars:
Ashenzari
Cheibriados
Dithmenos
Elyvilon
Fedhas
Gozag
Hepliaklqana
Kikubaaqudgha
Makhleb
Nemelex Xobeh
Okawaru
Qazlal
Ru
Sif Muna
Trog
Uskayaw
Vehumet
Wu Jian
Xom
Yredelemnul
Zin
The Shining One
Jiyva

Shops:
D:1 ?   D:2 [[   D:8 [?=   D:9 (   Orc:1 *[   Orc:2 [(!(

Portals:
Trove: D:14 (give ring of the Hare)

Annotations:
D:1 2 transporters
D:9 1 runed translucent door
D:14 Jorgrun
Lair:4 3 runed translucent doors, Fiha's ghost, journeyman VSTm; Nattefrost's ghost, journeyman TrWn; Nubia's ghost, journeyman GnEn; Odimp's ghost, journeyman KoWn; Tunlugh's ghost, adept GrEE
Orc:2 2 transporters, Segg's ghost, adept GnSk


Innate Abilities, Weirdness & Mutations

You can breathe blasts of fire.
Your fiery red scales are hard. (AC +9)
You cannot fit into any form of body armour.
Your flesh is heat resistant. (rF+)
You are cold-blooded and may be slowed by cold attacks.


Message History

You conjure a prism of explosive energy!
A fulminant prism comes into view.
Jorgrun gestures next to your fulminant prism while chanting.
The wall shatters!
The blast of rock fragments hits your fulminant prism!!!
Your fulminant prism detonates feebly.
Casting: Fulminant Prism (safe; 1% risk of failure)
Confirm with . or Enter, or press ? or * to list all spells.
Aiming: Fulminant Prism (safe; 1% risk of failure)
Press: ? - help, Dir - move target You conjure a prism of explosive energy!
A fulminant prism comes into view.
Jorgrun points at you and mumbles some strange words.
The iron shot hits you!!!
Casting: Fulminant Prism (safe; 1% risk of failure)
Confirm with . or Enter, or press ? or * to list all spells.
Casting: Starburst (dangerous; 1% risk of failure)
Press: ? - help, Dir - look around, f - activate The bolt of fire hits Jorgrun!!
Jorgrun is moderately wounded.
Your fulminant prism crackles loudly.
Casting: Starburst (dangerous; 1% risk of failure)
Confirm with . or Enter, or press ? or * to list all spells.
Casting: Starburst (dangerous; 1% risk of failure)
Press: ? - help, Dir - look around, f - activate The bolt of fire hits Jorgrun!!!
Jorgrun is severely wounded.
Jorgrun casts a spell at you. The iron shot hits you!!!
Your fulminant prism explodes!
The blast of energy engulfs Jorgrun!!
Jorgrun is almost dead.
Casting: Starburst (dangerous; 1% risk of failure)
Confirm with . or Enter, or press ? or * to list all spells.
Casting: Starburst (dangerous; 1% risk of failure)
Press: ? - help, Dir - look around, f - activate The bolt of fire misses Jorgrun.
Jorgrun gestures at you while chanting. The iron shot hits you!!!
You die...

.........# .........#
.........# .........#
#.................# .
#.................######..
#.........................
#...............@g........
#.........................
#.................#..(.###
#..................#...#
...........)...∩..##...#
......÷..)>)......##...#
..........)####..........
#....###.))# ............
#..).# #...# .#..####.....


You could see Jorgrun.

Vanquished Creatures
  Kirke (Lair:4)
  An orc warlord (Orc:2)
  Nessos (Lair:5)
  3 dire elephants (Lair:5)
  Josephine (D:14)
  A fire dragon (D:13)
  A vault guard (D:14)
  Erolcha (D:13)
  A hydra (Lair:4)
  2 centaur warriors
  An ogre mage (Orc:1)
  2 boulder beetles
  11 two-headed ogres
  7 death yaks
  A deep troll earth mage (D:12)
  2 tengu warriors (D:12)
  Urug (Lair:5)
  Nergalle (D:11)
  A spectral death yak (Lair:5)
  An obsidian statue (Lair:5)
  A spectral anaconda (Lair:5)
  A deep elf archer (D:12)
  A wizard (D:13)
  An orc knight (Orc:2)
  Pikel (D:5)
  4 necromancers (Lair:5)
  An oklob plant (Lair:4)
  2 deep elf pyromancers (D:12)
  2 orc sorcerers (Orc:2)
  6 ugly things
  10 cyclopes
  3 manticores
  3 black mambas (Lair:3)
  12 elephants
  12 cane toads
  2 gargoyles (D:12)
  A guardian serpent (Lair:3)
  11 kobold demonologists
  An unseen horror (D:11)
  9 komodo dragons
  3 rime drakes
  An efreet (D:8)
  2 tengu conjurers (D:12)
  4 polar bears
  11 trolls
  2 hornets
  21 blink frogs
  4 slime creatures (D:13)
  A shadow (D:12)
  A dire elephant simulacrum (Lair:5)
  37 yaks
  3 humans (D:14)
  7 wraiths
  A vampire (D:10)
  5 wyverns
  4 basilisks
  A death yak simulacrum (Lair:5)
  4 hogs (Lair:4)
  2 steam dragons
  4 vampire mosquitoes (D:12)
  10 wargs
  12 water moccasins
  3 acid dragons
  3 hell hounds (D:12)
  2 sky beasts
  An ice beast (D:5)
  2 elephant zombies (Lair:5)
  34 orc warriors
  7 ogres
  16 wolves
  9 centaurs
  10 bullfrogs
  A scorpion (D:5)
  11 gnoll sergeants
  10 wights
  8 killer bees
  An elephant simulacrum (Lair:5)
  4 electric eels (D:8)
  11 howler monkeys
  15 orc priests
  2 hounds (D:6)
  2 gnoll boudas
  A jelly (D:4)
  A sleepcap (D:5)
  Jessica (D:3)
  Terence (D:3)
  2 iguanas
  21 orc wizards
  A hell rat (D:11)
  A boggart simulacrum (D:14)
  24 gnolls
  8 adders
  2 river rats
  A shadow imp (D:7)
  3 white imps
  2 ufetubi
  82 orcs
  8 ball pythons
  2 bats
  3 endoplasms
  8 giant cockroaches
  7 goblins
  5 hobgoblins
  3 kobolds
  3 quokkas
  A frilled lizard (D:1)
  7 rats
  A fulminant prism (Lair:4)
616 creatures vanquished.

Vanquished Creatures (others)
  A vault guard (D:14)
  A human (D:14)
  An orc priest (D:8)
  3 orcs (D:8)
  2 foxfires (D:12)
  244 fulminant prisms
  36 fungi
  68 plants
  35 withered plants (Lair:5)
391 creatures vanquished.

Grand Total: 1007 creatures vanquished

Notes
Turn   | Place    | Note
-------+----------+-------------------------------------------
     0 | D:1      | raph the Draconian Conjurer began the quest for the Orb.
     0 | D:1      | Reached XP level 1. HP: 14/14 MP: 3/3
    50 | D:1      | Found a transporter.
   185 | D:1      | Found a transporter.
   185 | D:1      | Found Roporriy's Magic Scroll Shop.
   310 | D:1      | Reached XP level 2. HP: 20/20 MP: 1/5
   569 | D:1      | Learned a level 2 spell: Searing Ray
  1475 | D:2      | Reached skill level 5 in Conjurations
  1574 | D:2      | Found Soturor's Antique Armour Shop.
  1679 | D:2      | Reached XP level 3. HP: 21/26 MP: 0/6
  2093 | D:2      | Learned a level 3 spell: Dazzling Flash
  2162 | D:2      | Found Vocim's Antique Armour Shop.
  2689 | D:3      | Found a burning altar of Makhleb.
  2882 | D:3      | Noticed Terence
  3207 | D:3      | Noticed Jessica
  3209 | D:3      | Killed Jessica
  3210 | D:3      | Reached XP level 4. HP: 32/33 MP: 3/7
  3547 | D:4      | Found a stormy altar of Qazlal.
  3571 | D:4      | Reached skill level 1 in Hexes
  3838 | D:2      | Bought a pair of runed gloves for 217 gold pieces
  4094 | D:4      | Reached skill level 6 in Conjurations
  4206 | D:4      | Reached XP level 5. HP: 38/38 MP: 4/8
  5093 | D:5      | Entered Level 5 of the Dungeon
  5141 | D:5      | Noticed an ogre
  5146 | D:5      | Killed an ogre
  5147 | D:5      | Reached XP level 6. HP: 45/45 MP: 1/9
  5257 | D:5      | Noticed Pikel
  5545 | D:5      | Reached skill level 7 in Conjurations
  5906 | D:6      | Noticed an ice beast
  5978 | D:5      | Killed an ice beast
  5979 | D:5      | Your scales start taking on a fiery red colour.
  5979 | D:5      | Reached XP level 7. HP: 19/50 MP: 0/10
  5979 | D:5      | Gained mutation: Your flesh is heat resistant. (rF+) [Red
                  | Draconian growth]
  6040 | D:5      | Killed Pikel
  6041 | D:5      | Reached skill level 8 in Conjurations
  6321 | D:5      | Reached XP level 8. HP: 57/57 MP: 8/13
  6454 | D:5      | Learned a level 4 spell: Fulminant Prism
  6700 | D:5      | Found a broken altar of Ashenzari.
  6700 | D:5      | Found a sacrificial altar of Ru.
  6985 | D:3      | Found a burning altar of Makhleb.
  7582 | D:3      | Killed Terence
  7856 | D:3      | Found a burning altar of Makhleb.
  9492 | D:7      | Reached skill level 1 in Fighting
  9654 | D:7      | Found a staircase to the Ecumenical Temple.
  9693 | D:7      | Reached skill level 9 in Conjurations
 10644 | D:7      | HP: 1/62 [poisoned by a killer bee]
 10787 | D:7      | Learned a level 4 spell: Iskenderun's Mystic Blast
 11108 | D:7      | Found a glowing golden altar of the Shining One.
 11557 | D:8      | Reached XP level 9. HP: 62/68 MP: 6/15
 11618 | D:8      | Reached skill level 1 in Translocations
 11781 | D:8      | Found Qios's Armour Shoppe.
 11815 | D:8      | Found Quineg's Jewellery Boutique.
 11860 | D:8      | Reached skill level 5 in Spellcasting
 11860 | D:8      | Reached skill level 10 in Conjurations
 12128 | D:8      | Found Wagren's Magic Scroll Shop.
 12135 | D:8      | Bought a scroll of magic mapping for 90 gold pieces
 12313 | D:8      | Found Ucwaiteb's Antique Armour Shoppe.
 12321 | D:8      | Bought a cloak for 72 gold pieces
 12605 | D:8      | Noticed a boulder beetle
 12623 | D:8      | HP: 1/72 [boulder beetle (20)]
 12629 | D:8      | Killed a boulder beetle
 12630 | D:8      | Reached XP level 10. HP: 3/80 MP: 18/18
 12924 | D:8      | Noticed a cyclops
 12924 | D:8      | Noticed a cyan ugly thing
 12925 | D:8      | Noticed a red ugly thing
 12934 | D:8      | Killed a red ugly thing
 12935 | D:8      | Reached skill level 5 in Fighting
 12935 | D:8      | Reached skill level 11 in Conjurations
 12935 | D:8      | Killed a red ugly thing
 12935 | D:8      | Killed a cyclops
 13106 | Temple   | Entered the Ecumenical Temple
 13106 | Temple   | Found a transporter.
 13106 | Temple   | Found a transporter.
 13108 | Temple   | Found a transporter.
 13108 | Temple   | Found a transporter.
 13152 | Temple   | Became a worshipper of Vehumet
 13199 | D:8      | Noticed a two-headed ogre
 13237 | D:8      | Killed a two-headed ogre
 13238 | D:8      | Reached skill level 5 in Dodging
 13931 | D:8      | Found an ornate altar of the Wu Jian Council.
 13935 | D:8      | Found a sparkling altar of Nemelex Xobeh.
 14332 | D:9      | Found a runed translucent door.
 14337 | D:9      | Found a basalt altar of Yredelemnul.
 14340 | D:9      | Noticed a cyclops
 14354 | D:9      | Reached skill level 1 in Long Blades
 14356 | D:9      | Reached XP level 11. HP: 77/89 MP: 6/20
 14665 | D:9      | Found a white marble altar of Elyvilon.
 14668 | D:9      | Noticed a two-headed ogre
 14676 | D:9      | Killed a two-headed ogre
 14737 | D:9      | Reached * piety under Vehumet
 14737 | D:9      | Offered knowledge of Kiss of Death by Vehumet.
 14760 | D:9      | Reached skill level 12 in Conjurations
 14760 | D:9      | Reached skill level 5 in Translocations
 15191 | D:9      | Found Muxeatemni's Weapon Boutique.
 15191 | D:9      | Found a staircase to the Orcish Mines.
 15314 | D:10     | Entered Level 10 of the Dungeon
 16119 | D:10     | Noticed a centaur warrior
 16132 | D:10     | Killed a centaur warrior
 16907 | D:11     | Offered knowledge of Foxfire by Vehumet.
 16912 | D:11     | Reached ** piety under Vehumet
 17098 | D:11     | Learned a level 1 spell: Foxfire
 17422 | D:11     | Noticed Nergalle
 17435 | D:11     | Killed Nergalle
 17436 | D:11     | Reached skill level 1 in Fire Magic
 17584 | D:11     | Found a staircase to the Lair.
 17584 | D:11     | Noticed a death yak
 17585 | D:11     | Noticed a death yak
 17592 | D:11     | Noticed a death yak
 17610 | D:11     | Killed a death yak
 17610 | D:11     | Killed a death yak
 17612 | D:11     | Killed a death yak
 18211 | Lair:1   | Entered Level 1 of the Lair of Beasts
 18217 | Lair:1   | Learned a level 4 spell: Manifold Assault
 18230 | Lair:1   | Reached XP level 12. HP: 79/100 MP: 8/22
 18369 | Lair:1   | Reached skill level 13 in Conjurations
 18655 | Lair:1   | Offered knowledge of Scorch by Vehumet.
 18659 | Lair:1   | Learned a level 2 spell: Scorch
 19331 | Lair:1   | You are sucked into a shaft and drop 1 floor!
 19334 | Lair:2   | Identified the +0 robe "Ugumad" {Stlth+}
 19817 | Lair:1   | Reached *** piety under Vehumet
 20128 | Lair:2   | Reached skill level 5 in Hexes
 20514 | Lair:2   | Offered knowledge of Mephitic Cloud by Vehumet.
 21347 | Lair:3   | Found a staircase to the Shoals.
 21377 | Lair:3   | Reached skill level 5 in Long Blades
 21803 | Lair:3   | Reached skill level 5 in Fire Magic
 22009 | Lair:3   | Found a staircase to the Snake Pit.
 22443 | Lair:4   | Reached XP level 13. HP: 108/108 MP: 5/25
 22721 | Lair:4   | Reached **** piety under Vehumet
 22894 | Lair:3   | Reached skill level 14 in Conjurations
 23278 | Lair:4   | Offered knowledge of Arcjolt by Vehumet.
 23406 | Lair:4   | Noticed Kirke
 23420 | Lair:4   | Killed Kirke
 24441 | Lair:4   | Found a runed translucent gate.
 24442 | Lair:4   | Found a runed translucent gate.
 24442 | Lair:4   | Found a runed translucent gate.
 24445 | Lair:4   | Noticed Nattefrost's ghost (journeyman TrWn)
 24445 | Lair:4   | Noticed Fiha's ghost (journeyman VSTm)
 24445 | Lair:4   | Noticed Nubia's ghost (journeyman GnEn)
 24446 | Lair:4   | Noticed Tunlugh's ghost (adept GrEE)
 24453 | Lair:4   | Noticed Odimp's ghost (journeyman KoWn)
 24902 | Lair:5   | Entered Level 5 of the Lair of Beasts
 24910 | Lair:5   | Noticed Nessos
 25130 | Lair:5   | Reached skill level 1 in Shields
 25419 | Lair:5   | Killed Nessos
 26189 | Lair:5   | Noticed Urug
 26198 | Lair:5   | Killed Urug
 26417 | Lair:5   | Found a viscous altar of Jiyva.
 26417 | Lair:5   | Found a staircase to the Slime Pits.
 26809 | Lair:5   | Noticed a dire elephant
 26827 | Lair:5   | Killed a dire elephant
 27412 | Lair:5   | Noticed a dire elephant
 27413 | Lair:5   | Noticed a dire elephant
 27535 | Lair:5   | Reached ***** piety under Vehumet
 27536 | Lair:5   | Reached XP level 14. HP: 118/118 MP: 26/26
 27543 | Lair:5   | Offered knowledge of Eringya's Noxious Bog by Vehumet.
 27820 | Lair:5   | Identified the ring "Nyam" {Wiz rF- rN+++ MP-9 Str+3}
 28799 | Lair:5   | Learned a level 4 spell: Flame Wave
 29570 | Orc:1    | Entered Level 1 of the Orcish Mines
 29608 | Orc:1    | Reached skill level 15 in Conjurations
 29669 | Orc:2    | Entered Level 2 of the Orcish Mines
 29729 | Orc:2    | Found a staircase to the Elven Halls.
 29952 | Orc:2    | Found Qoinel's Antique Weapon Emporium.
 30465 | Orc:2    | Found Ugoteheive's Distillery.
 30472 | Orc:2    | Bought a potion of heal wounds for 90 gold pieces
 30880 | Orc:2    | Noticed an orc warlord
 30918 | Orc:2    | Killed an orc warlord
 31182 | Orc:2    | Noticed Segg's ghost (adept GnSk)
 31183 | Orc:2    | Found a bloodstained altar of Trog.
 31202 | Orc:2    | Found a transporter.
 31205 | Orc:2    | Found a transporter.
 31315 | Orc:2    | Paralysed by an orc sorcerer for 3 turns
 31459 | Orc:2    | Found Unafom's Antique Armour Shop.
 31470 | Orc:2    | Found Xaul's Antique Weapon Boutique.
 31587 | D:9      | Bought a +3 vampiric demon blade for 868 gold pieces
 31646 | D:8      | Bought a pair of glimmering gloves for 152 gold pieces
 31646 | D:8      | Identified the +0 pair of gloves of the Dungeon {Int+4}
                  | (You bought it in a shop on level 8 of the Dungeon)
 31919 | Orc:1    | Offered knowledge of Starburst by Vehumet.
 31929 | Orc:1    | Learned a level 6 spell: Starburst
 31977 | Orc:1    | Found Catobe's Overcharged Wands.
 32466 | Orc:1    | Found Camer's Armour Boutique.
 32478 | Orc:1    | You are sucked into a shaft and drop 1 floor!
 33410 | D:12     | Reached skill level 10 in Fighting
 33992 | D:12     | Found a shimmering blue altar of Sif Muna.
 34575 | D:12     | Reached XP level 15. HP: 126/126 MP: 28/28
 34580 | D:12     | Offered knowledge of Plasma Beam by Vehumet.
 35235 | D:13     | Noticed Erolcha
 35244 | D:13     | Killed Erolcha
 36018 | D:13     | Reached skill level 5 in Shields
 36552 | D:14     | Noticed Josephine
 36562 | D:14     | Killed Josephine
 36745 | D:14     | Found a portal to a secret trove of treasure.
 37146 | D:14     | Noticed Jorgrun
 37160 | D:14     | Killed from afar by Jorgrun

Illustrated notes

Levels and vault maps discovered:
D:1:      dpeg_arrival_radiant, layout_loops_ring, serial_shops,
          nicolae_shop_drivethru, hangedman_decor_opposing
D:2:      layout_basic, serial_shops, shop, nicolae_shop_crystal
D:3:      layout_basic, lightli_temple_of_fire, st_stairs_12,
          kennysheep_minor_cross, uniq_jessica, uniq_terence
D:4:      layout_cave_pods, nicolae_qazlal_general_emergency, nicolae_half_adder
D:5:      layout_loops_cross, nicolae_overflow_hidden_temple,
          saegor_snake_ambush, uniq_pikel
D:6:      layout_loops_ring, portal_sewer_entry_c
D:7:      layout_basic, nicolae_tso_carved_into_rock,
          minmay_temple_entry_from_below_b
D:8:      nzn_winding_woodlands_stair_cross [nzn_winding_woodlands_5x15_zeroes,
          nzn_winding_woodlands_center_diamonds,
          nzn_winding_woodlands_5x15_lazy_stream,
          nzn_winding_woodlands_5x5_cross, nzn_winding_woodlands_5x5_default,
          nzn_winding_woodlands_5x15_longhouse,
          nzn_winding_woodlands_center_triple_pond,
          nzn_winding_woodlands_5x15_twine], layout_basic,
          nicolae_overflow_squiral, serial_shops, shop, nicolae_shop_waterfront,
          shop, nicolae_shop_crystal, enter_bailey_2
D:9:      layout_basic, dk_yredelemnul_ordeal, mainiacjoe_overflow_24_doors,
          orc_david_3
D:10:     layout_loops_ring, kennysheep_generic_room_10
D:11:     layout_loops_cross, dpeg_lair_monsters, uniq_nergalle
D:12:     lemuel_castle_with_subvaults [lemuel_castle_interior_original],
          layout_irregular_city, nicolae_sif_muna_condensation
D:13:     minmay_open_boxes_in_corner, layout_rooms, uniq_erolcha
D:14:     layout_small_grid, ximxim_vaults_locker_room, hangedman_decor_lopped,
          enter_trove_0, uniq_josephine, uniq_jorgrun
Temple:   hellmonk_temple_divided_pantheon
Lair:1:   layout_cave_pods, beast_lair_carwin_8
Lair:2:   layout_cave_shapes
Lair:3:   layout_long_grid, elwin_shoals_entry_rocks,
          minmay_snake_entry_spellcaster
Lair:4:   layout_cave_pods, gammafunk_ghost_cemetery, uniq_kirke
Lair:5:   due_jungle_book, layout_regular_city, dpeg_slime_entry_enclosed,
          minivault_27, uniq_urug, uniq_nessos
Orc:1:    layout_diamond_mine, serial_shops, nicolae_shop_pleasant_corner_grove,
          nicolae_shop_overcharged_wands
Orc:2:    grunt_orc_community_town_hall, layout_caves,
          grunt_orc_community_big_house_1, grunt_orc_community_big_house_2,
          grunt_orc_community_house_3, grunt_orc_community_house_2,
          grunt_orc_community_house_3, grunt_orc_community_house_3,
          grunt_orc_community_house_1, gammafunk_ghost_wrathful_warriors

Skill      XL: |  1  2  3  4  5  6  7  8  9 10 11 12 13 14 15 |
---------------+----------------------------------------------+-----
Conjurations   | 5 6 7 8 9 10 11 12 13 14 15 | 15.9
Hexes          | 1 2 3 4 5 6 7 |  7.8
Spellcasting   | 3 4 5 6 7 8 9 |  9.6
Dodging        | 3 4 5 6 7 8 9 |  9.1
Fighting       | 2 4 6 7 8 9 10 | 10.5
Translocations | 3 4 6 7 |  7.4
Long Blades    | 1 3 5 6 7 8 |  8.0
Fire Magic     | 2 5 6 8 |  8.7
Shields        | 2 4 5 |  5.2
Stealth        | |  1.7

Action                     |  1- 3 |  4- 6 |  7- 9 | 10-12 | 13-15 || total
---------------------------+-------+-------+-------+-------+-------++-------
  Melee: Unarmed           |    10 |       |       |       |       ||    10
         Tailslap          |     2 |       |     9 |     6 |    66 ||    83
         Dagger            |     6 |     9 |     8 |       |       ||    23
         Short sword       |       |       |    34 |     1 |       ||    35
         Scimitar          |       |       |       |    51 |   218 ||   269
         Staff             |       |       |       |       |    23 ||    23
         Demon blade       |       |       |       |       |   192 ||   192
  Throw: Dart              |       |     3 |     1 |       |       ||     4
   Cast: Magic Dart        |    26 |    13 |     2 |     5 |     1 ||    47
         Searing Ray       |    24 |    26 |    40 |    76 |    21 ||   187
         Fulminant Prism   |       |       |    23 |    75 |   147 ||   245
         Iskenderun's Myst |       |       |     1 |    46 |   135 ||   182
         Scorch            |       |       |       |    10 |     9 ||    19
         Manifold Assault  |       |       |       |     7 |    56 ||    63
         Dazzling Flash    |       |       |       |       |     1 ||     1
         Starburst         |       |       |       |       |    35 ||    35
         Flame Wave        |       |       |       |       |     2 ||     2
         Foxfire           |       |       |       |       |     1 ||     1
Ability: Breathe Fire      |       |       |    14 |    36 |    30 ||    80
  Evoke: Wand              |       |       |       |       |     1 ||     1
    Use: Scroll            |    11 |     4 |    11 |     5 |     7 ||    38
         Potion            |       |     1 |     2 |     1 |     5 ||     9
   Stab: Distracted        |       |       |       |       |     1 ||     1
 Armour: Skin              |     9 |    19 |    44 |   106 |   189 ||   367
  Dodge: Dodged            |    22 |    35 |    72 |   144 |   338 ||   611
  Block: Buckler           |       |    13 |    17 |    29 |   101 ||   160
